[Event "Late-Titled-Tuesday-Blitz-March-19-2024"]
[Site "Chess.com"]
[Date "2024.03.19"]
[Round "1"]
[White "ZachHKL"]
[Black "YoreDea"]
[Result "1-0"]
[WhiteElo "2196"]
[BlackElo "2585"]
[TimeControl "180+1"]
[EndTime "14:07:05 PDT"]
[Termination "ZachHKL won by resignation"]

1. e4 c5 2. Nf3 Nc6 3. d4 cxd4 4. Nxd4 g6 5. Be3 Bg7 6. Nc3 Nf6 7. Bc4 O-O 8. Bb3 d5 9. Nxc6 bxc6 10. exd5 cxd5 11. Nxd5 Nxd5 12. Qxd5 Qxd5 13. Bxd5 Rb8 14. Bxa7 Rxb2 15. O-O-O Bf5 16. Bb3 Rc8 17. Rd2 Rxb3 18. axb3 Ra8 19. Rhd1 Rxa7 20. Rd8+ Bf8 21. Rb8 Ra1+ 22. Kd2 Rxd1+ 23.
Kxd1 f6 24. b4 Kf7 25. b5 e5 26. b6 Bd6 27. Rb7+ Ke6 28. Rxh7 Be4 29. f3 Bd5 30. Kd2 f5 31. Rg7 Kf6 32. Rd7 Ke6 33. Rg7 Bc5 34. Rxg6+ Kd7 35. Rh6 Bc6 36. Rh7+ Kd6 37. Rh6+ Kd5 38.
c4+ Kd4 39. Rxc6 Bb4+ 40. Ke2 e4 41. fxe4 fxe4 42. b7 1-0

[Event "Late-Titled-Tuesday-Blitz-March-19-2024"]
[Site "Chess.com"]
[Date "2024.03.19"]
[Round "1"]
[White "ChessSwole"]
[Black "Road2GM3000"]
[Result "1-0"]
[WhiteElo "2707"]
[BlackElo "2396"]
[TimeControl "180+1"]
[EndTime "14:07:06 PDT"]
[Termination "ChessSwole won by resignation"]

1. e4 c5 2. Nf3 d6 3. d4 cxd4 4.
Nxd4 Nf6 5. Nc3 a6 6. Bd3 e6 7. f4 Nc6 8. Be3 Be7 9. Qf3 Bd7 10. Rg1 Qc7 11. g4 O-O-O 12. g5 Ne8 13. Qf2 Kb8 14. Nb3 Nb4 15. Bb6 Nxd3+ 16. cxd3 Qc6 17.
Na5 Qc8 18. Bxd8 Bxd8 19. Nc4 Qc6 20. Rg3 b5 21. Nd2 Bb6 22. Qe2 d5 23. Nb3 Nd6 24. Rc1 Qb7 25. Kf1 Bc6 26. exd5 exd5 27. Qe5 Bc7 28. Nd4 f6 29. Nxc6+ Qxc6 30. Qxd5 Qb6 31. Ne4 Rd8 32. Rc6 Qb7 33. Nc5 Nf5 34. Nxa6+ Ka7 35.
Qc5+ Bb6 36. Rxb6 Qxb6 37. Qxf5 Qxa6 38. gxf6 Qxf6 39. Qxf6 gxf6 40. Rg7+ Kb6 41. Ke2 h5 42. Rf7 Rd6 43. Rh7 Rd4 44. Ke3 Rb4 45. b3 Kc5 46. Rxh5+ Kd6 47. Rf5 Ke6 48. Rc5 f5 49. h4 1-0

[Event "Late-Titled-Tuesday-Blitz-March-19-2024"]
[Site "Chess.com"]
[Date "2024.03.19"]
[Round "1"]
[White "Lukianoo"]
[Black "kleber2007"]
[Result "1-0"]
[WhiteElo "2836"]
[BlackElo "2492"]
[TimeControl "180+1"]
[EndTime "14:07:07 PDT"]
[Termination "Lukianoo won by checkmate"]

1. e4 e5 2. d4 exd4 3. Qxd4 Nc6 4. Qe3 Nf6 5. Nc3 Bb4 6. Bd2 O-O 7. O-O-O Re8 8. Bc4 d6 9. f3 Ne5 10. Bb3 Be6 11. Nge2 Nc4 12. Bxc4 Bxc4 13. Ng3 d5 14. Nf5 g6 15. Qg5 Nh5 16. Qg4 d4 17. Bg5 Qc8 18. Rxd4 Bxc3 19. Rxc4 Bf6 20. Bxf6 Nxf6 21. Qg5 Qe6 22. Rxc7 Rf8 23. Rd1 Qxa2 24. Ne7+ Kg7 25. Nf5+ Kg8 26. Qxf6 gxf5 27. Rd5 Qa1+ 28.
Kd2 Qg1 29. Rxf5 Rfd8+ 30. Rd5 Rxd5+ 31. exd5 Qxg2+ 32. Kc3 Qxh2 33. Qxf7+ Kh8 34. Qg7# 1-0

[Event "Late-Titled-Tuesday-Blitz-March-19-2024"]
[Site "Chess.com"]
[Date "2024.03.19"]
[Round "1"]
[White "SergioMoralesG"]
[Black "Rud_2008"]
[Result "0-1"]
[WhiteElo "2479"]
[BlackElo "2808"]
[TimeControl "180+1"]
[EndTime "14:07:08 PDT"]
[Termination "Rud_2008 won by resignation"]

1. d4 Nf6 2. c4 e6 3. Nf3 d5 4.
Nc3 Bb4 5. Bg5 h6 6. Bxf6 Qxf6 7. e3 O-O 8. Qb3 c5 9. cxd5 exd5 10. dxc5 Bxc3+ 11. Qxc3 Qxc3+ 12. bxc3 Nd7 13. O-O-O Nf6 14. Nd4 Bd7 15. Bd3 Rac8 16. Nb3 Ba4 17. Kb2 Bxb3 18.
axb3 Rxc5 19. c4 dxc4 20. Bxc4 b5 21. Bd3 Nd5 22. Rc1 Nb4 23. Be2 Re5 24. Rc3 Rd8 25. Rd1 Rxd1 26. Bxd1 Rd5 27. Bc2 g6 28. Rc8+ Kg7 29. Be4 Rd1 30. Ra8 Rd7 31. Kc3 Na2+ 32. Kc2 f5 33. Bf3 Nb4+ 34. Kc3 Nd3 35. Bc6 b4+ 36.
Kc4 Ne5+ 37. Kb5 Rd2 38. Rxa7+ Kf6 39. Be8 Rxf2 40. Kxb4 Rxg2 41. Kc3 Rxh2 42. b4 Re2 43. b5 Rxe3+ 44. Kb4 Re4+ 45. Ka5 Nc4+ 46. Ka6 Rxe8 47. Rc7 Re6+ 48. Ka7 Nb6 49. Rc6 Rxc6 50. bxc6 Nd5 0-1

[Event "Late-Titled-Tuesday-Blitz-March-19-2024"]
[Site "Chess.com"]
[Date "2024.03.19"]
[Round "1"]
[White "nabukatnezarr"]
[Black "jefferyx"]
[Result "0-1"]
[WhiteElo "2560"]
[BlackElo "3096"]
[TimeControl "180+1"]
[EndTime "14:07:10 PDT"]
[Termination "jefferyx won on time"]

1. e4 c5 2. Nc3 a6 3. g3 g6 4. Bg2 Bg7 5. d3 Nc6 6. Be3 d6 7. Qd2 h5 8. h3 Nf6 9. Nge2 Bd7 10. O-O b5 11. Rae1 b4 12. Nd1 Qc8 13. Kh2 a5 14. f4 a4 15. a3 Rb8 16. f5 gxf5 17.
exf5 Ne5 18. axb4 Rxb4 19. c3 Rb8 20. d4 Nc4 21. Qc1 Bxf5 22. dxc5 dxc5 23. Bg5 Kf8 24. Nf4 e6 25. Bf3 Ng4+ 26. Kh1 Nge5 27. Bg2 a3 28. bxa3 Rb1 29. Nxe6+ Qxe6 30. Qf4 Bxh3 31. Qe4 Bxg2+ 32. Qxg2 Qc6 33. Re4 Nd6 34. Ref4 Qxg2+ 35. Kxg2 Ndc4 36. Kh3 Nd2 37. Re1 Ndf3 38. Rf1 Nxg5+ 0-1

[Event "Late-Titled-Tuesday-Blitz-March-19-2024"]
[Site "Chess.com"]
[Date "2024.03.19"]
[Round "1"]
[White "MarcoRiehle"]
[Black "HandKnit"]
[Result "1/2-1/2"]
[WhiteElo "2782"]
[BlackElo "2475"]
[TimeControl "180+1"]
[EndTime "14:07:10 PDT"]
[Termination "Game drawn by repetition"]

1. e4 e5 2. Nf3 Nc6 3. Bc4 Nf6 4.
d4 exd4 5. e5 d5 6. Bb5 Nd7 7.
O-O Be7 8. Bxc6 bxc6 9. Nxd4 Nb8 10. c3 c5 11. Nb3 O-O 12. Be3 c4 13. Nd4 c5 14. Ne2 Bb7 15. Nd2 Qb6 16. Qc2 Nc6 17. Rad1 Rad8 18. b4 cxb3 19. Nxb3 Nxe5 20. Rb1 Qc7 21.
Nxc5 Bxc5 22. Bxc5 Qxc5 23. Rxb7 d4 24. Qe4 d3 25.
Nd4 Qxc3 26. Qxe5 Qxd4 27. Qxd4 Rxd4 28. Rd1 Rc8 29. Rxa7 d2 30. Kf1 g5 31. Re7 Rc2 32.
a3 Ra2 33. Re3 Kg7 34. Ke2 Kg6 35. Rd3 Rxd3 36. Kxd3 Rxa3+ 37. Kxd2 Rb3 38. Ke2 h5 39. Rd6+ f6 40. Rd2 h4 41. Ra2 Kf5 42. h3 Kg6 43.
Rd2 Ra3 44. Rd3 Ra2+ 45. Kf3 Ra1 46. Rb3 Rg1 47. g3 hxg3 48. fxg3 Rf1+ 49. Kg2 Ra1 50. Rb2 Ra3 51. Rf2 Rb3 52. g4 Ra3 53. Re2 Rb3 54. Rf2 Ra3 55. Rf3 Ra2+ 56. Kg3 Ra4 57. h4 gxh4+ 58.
Kxh4 Rb4 59. Kg3 Kg5 60. Rf5+ Kg6 61. Rf3 Kg5 62. Rf5+ Kg6 63. Ra5 Rb3+ 64. Kh4 Rb4 65. Ra6 Rc4 66. Kg3 Kg5 67. Ra5+ Kg6 68. Rb5 Ra4 69.
Kh4 Rc4 70. Rh5 Ra4 71. Rh8 Rb4 72. Rg8+ Kf7 73. Rc8 Kg6 74. Rf8 Ra4 75. Rg8+ Kf7 76. Rh8 Kg6 77. Re8 Kf7 78. Re3 Kg6 79. Rf3 Rb4 80.
Kg3 1/2-1/2

[Event "Late-Titled-Tuesday-Blitz-March-19-2024"]
[Site "Chess.com"]
[Date "2024.03.19"]
[Round "1"]
[White "esrosenberg"]
[Black "Sokoloco"]
[Result "1-0"]
[WhiteElo "2478"]
[BlackElo "2768"]
[TimeControl "180+1"]
[EndTime "14:07:10 PDT"]
[Termination "esrosenberg won on time"]

1. d4 d6 2. e4 g6 3. Nc3 Bg7 4.
Nf3 a6 5. Bd3 b5 6. Be3 Bb7 7. h4 Nf6 8. h5 Nxh5 9. Rxh5 gxh5 10. a3 Nd7 11. Qe2 c5 12. dxc5 Nxc5 13. O-O-O Rc8 14.
Ng5 h6 15. Nxf7 Kxf7 16. Qxh5+ Kf8 17. Qf5+ Kg8 18. Qg4 Qd7 19. Qg6 Qe6 20. Qg3 Nxd3+ 21. Rxd3 Kh7 22. Nd5 Bxd5 23. exd5 Qf5 24. Kd2 Rhg8 25.
Qh4 Rc7 26. c3 Qg6 27. g3 Bf6 28. Qh3 Bg5 29. f4 Bf6 30. Bf2 Qg4 31. Qh1 Qf5 32. Qe1 Rc4 33. Bb6 1-0

[Event "Late-Titled-Tuesday-Blitz-March-19-2024"]
[Site "Chess.com"]
[Date "2024.03.19"]
[Round "1"]
[White "Rakitic2010"]
[Black "stregachess"]
[Result "1-0"]
[WhiteElo "2581"]
[BlackElo "1998"]
[TimeControl "180+1"]
[EndTime "14:07:11 PDT"]
[Termination "Rakitic2010 won on time"]

1. d4 Nf6 2. e3 d5 3. Bd3 e6 4. Nd2 Be7 5. f4 O-O 6. Ngf3 c5 7. c3 Nc6 8. O-O Rb8 9. Ne5 Qc7 10. Qf3 c4 11. Bc2 b5 12. g4 Nd7 13. Qh3 g6 14. Qh6 Ndxe5 15. fxe5 f5 16. gxf5 exf5 17. Nf3 Be6 18. Ng5 Bxg5 19. Qxg5 Qe7 20. Qxe7 Nxe7 21. Bd2 a5 22. Be1 Kg7 23. Bh4 Ng8 24. Rf3 Rf7 25. Raf1 Rbf8 26. Be1 h6 27. h4 Ne7 28. a4 Rb8 29. R1f2 Rb7 30. Rg2 Kh7 31. Bd1 b4 32. Rfg3 Rg7 33. Bh5 Bf7 34. Bd1 bxc3 35. Bxc3 Nc6 36.
Bf3 Be6 37. Kh2 Nb4 38. Be2 Nd3 39. Bxd3 cxd3 40. Rd2 Rgc7 41. Rxd3 Bf7 42. Rd2 Rc4 43. Rdg2 Rxa4 44. e6 1-0

[Event "Late-Titled-Tuesday-Blitz-March-19-2024"]
[Site "Chess.com"]
[Date "2024.03.19"]
[Round "1"]
[White "el_sporco"]
[Black "GlavkonVVS"]
[Result "0-1"]
[WhiteElo "2386"]
[BlackElo "2697"]
[TimeControl "180+1"]
[EndTime "14:07:13 PDT"]
[Termination "GlavkonVVS won by resignation"]

1. e4 Nf6 2. e5 Nd5 3. Nf3 d6 4. d4 Bg4 5. Be2 e6 6. c4 Nb6 7. exd6 cxd6 8. Nc3 Be7 9. h3 Bh5 10. d5 e5 11. g4 Bg6 12. h4 h5 13. g5 N8d7 14. Be3 Rc8 15. b3 Nc5 16. Bxc5 Rxc5 17. Bd3 O-O 18. Bxg6 fxg6 19. Qd3 Rf5 20. Ne4 Rc8 21.
Rh3 Qf8 22. Kf1 Nd7 23. Kg2 Qf7 24. Re1 Rf8 25. Nfd2 Rf4 26. Rf3 Qf5 27. Rxf4 Qxf4 28. Qg3 Qf5 29. Qf3 b6 30. Re3 a6 31. Qg3 Qf4 32. Rf3 Qxg3+ 33. Kxg3 b5 34. Rxf8+ Kxf8 35. Nc3 bxc4 36. bxc4 Bd8 37. Nde4 Ke7 38. Kf3 Ba5 39. Ne2 Bb4 40. Ke3 a5 41. Kd3 a4 42. N2g3 a3 43. Ne2 Nb6 44. f4 Na4 45. Kc2 Nc5 46. Nxc5 Bxc5 47. fxe5 dxe5 48. Kd3 Bf2 49. Ke4 Bxh4 50.
c5 Bxg5 51. Kxe5 Bf6+ 52. Ke4 h4 53. Nf4 g5 54. d6+ Kd7 55. Ng6 h3 56. Kd5 h2 57.
c6+ Kc8 58. d7+ Kc7 59. Nf8 h1=Q+ 0-1

[Event "Late-Titled-Tuesday-Blitz-March-19-2024"]
[Site "Chess.com"]
[Date "2024.03.19"]
[Round "1"]
[White "steepedgames"]
[Black "moro182"]
[Result "0-1"]
[WhiteElo "2520"]
[BlackElo "2909"]
[TimeControl "180+1"]
[EndTime "14:07:14 PDT"]
[Termination "moro182 won by resignation"]

1. d4 g6 2. e4 Bg7 3. Nf3 d6 4. Bc4 Nf6 5. Qe2 O-O 6. h3 c6 7. e5 dxe5 8. dxe5 Nd5 9. O-O Be6 10. Bb3 Nd7 11. c4 N5b6 12. Bf4 Nc5 13. Nc3 Qd3 14. Be3 Qxe2 15. Nxe2 Nd3 16. Bxb6 axb6 17. Ned4 Bc8 18. e6 fxe6 19. Rad1 Nxb2 20. Rd2 Na4 21. Re1 Nc5 22. Ng5 Rd8 23. Red1 e5 24. Ndf3 Rxd2 25.
Rxd2 Bf5 26. g4 Bd3 27. Ne6 e4 28. Nxc5 bxc5 29. Ng5 Bc3 30. Rd1 Bd4 31. Kg2 Rf8 32. Rd2 Rf6 33. Bc2 Bxc4 34. Nxe4 Rf4 35. f3 Bxa2 36. Bd3 Bd5 37. Rc2 b6 38. Kg3 Be5 39. Kg2 Kg7 40. h4 h5 41. gxh5 gxh5 42. Ng5 Rxh4 0-1

[Event "Late-Titled-Tuesday-Blitz-March-19-2024"]
[Site "Chess.com"]
[Date "2024.03.19"]
[Round "1"]
[White "SultaiC"]
[Black "I-Mesquita"]
[Result "1-0"]
[WhiteElo "2455"]
[BlackElo "2715"]
[TimeControl "180+1"]
[EndTime "14:07:14 PDT"]
[Termination "SultaiC won on time"]

1. e4 e5 2. Nf3 Nc6 3. Bb5 Nf6 4. d3 Bd6 5. O-O O-O 6. h3 Re8 7. Bg5 h6 8. Bh4 Bf8 9. Nc3 d6 10. Nd5 Be7 11. d4 exd4 12. Nxd4 Bd7 13. Bxf6 Bxf6 14.
Nf3 Bxb2 15. Rb1 Bf6 16. Bc4 Na5 17. Bd3 c6 18. Ne3 Be6 19. c4 a6 20. Qc2 b5 21.
c5 dxc5 22. e5 Be7 23. Rfd1 Qc7 24. Bf5 Bf8 25. Qe4 Rad8 26. h4 Rxd1+ 27. Rxd1 Rd8 28. Re1 c4 29. Ng4 Nb7 30. Bxe6 fxe6 31. Qg6 Kh8 32. Re3 Nc5 33. Ng5 hxg5 34. hxg5 Rd1+ 35. Kh2 Kg8 36. Nf6+ 1-0

[Event "Late-Titled-Tuesday-Blitz-March-19-2024"]
[Site "Chess.com"]
[Date "2024.03.19"]
[Round "1"]
[White "Goryachkina"]
[Black "ViktoriyaTarasova"]
[Result "1-0"]
[WhiteElo "2649"]
[BlackElo "2310"]
[TimeControl "180+1"]
[EndTime "14:07:14 PDT"]
[Termination "Goryachkina won on time"]

1. e4 e5 2. Nf3 Nc6 3. Bc4 Bc5 4. c3 Nf6 5. d4 exd4 6. e5 d5 7. Bb5 Ne4 8. cxd4 Bb6 9. Nc3 O-O 10. Be3 Ne7 11. O-O Nf5 12. Bd3 Nxe3 13. fxe3 f5 14. exf6 Nxf6 15. Qc2 h6 16. Ne5 c6 17. Rf3 Bc7 18.
Raf1 Be6 19. h3 Bxe5 20. dxe5 Nd7 21. Rxf8+ Nxf8 22. Ne2 Qg5 23. Qd2 Qxe5 24. Bb1 Bf7 25. Nd4 Re8 26. Rf3 Ne6 27. Qd3 g6 28. Rxf7 Kxf7 29. Qxg6+ Ke7 30. Nf5+ Kd8 31. Qxh6 1-0

[Event "Late-Titled-Tuesday-Blitz-March-19-2024"]
[Site "Chess.com"]
[Date "2024.03.19"]
[Round "1"]
[White "ahkashefi2800"]
[Black "finec2"]
[Result "1-0"]
[WhiteElo "2615"]
[BlackElo "2256"]
[TimeControl "180+1"]
[EndTime "14:07:15 PDT"]
[Termination "ahkashefi2800 won by resignation"]

1. d4 Nf6 2. Nf3 g6 3. g3 Bg7 4.
Bg2 O-O 5. O-O d6 6. c4 c5 7.
Nc3 Nc6 8. d5 Na5 9. Nd2 e6 10.
e4 exd5 11. cxd5 a6 12. a3 b5 13. b4 Nb7 14. Bb2 Nd7 15. h3 Ne5 16. Qc2 c4 17.
Ne2 Nd3 18. Bxg7 Kxg7 19. f4 Kg8 20. Kh2 a5 21. Nxc4 bxc4 22. Qxc4 Nb2 23. Qb3 Qf6 24. e5 dxe5 25. Qxb2 axb4 26. fxe5 Qb6 27. e6 f5 28. Qxb4 Qxb4 29. axb4 Rxa1 30. Rxa1 Nd6 31. Nd4 Kg7 32. Ra8 Bb7 33. Ra7 Kf6 34. Nb5 Nxb5 35. Rxb7 Nd6 36.
Rxh7 Rb8 37. Rd7 Ne4 38. Rf7+ Ke5 39. e7 Kd6 40. Rf8 1-0

[Event "Late-Titled-Tuesday-Blitz-March-19-2024"]
[Site "Chess.com"]
[Date "2024.03.19"]
[Round "1"]
[White "DFeco"]
[Black "BardArtem"]
[Result "1-0"]
[WhiteElo "2444"]
[BlackElo "2735"]
[TimeControl "180+1"]
[EndTime "14:07:17 PDT"]
[Termination "DFeco won on time"]

1. d4 Nf6 2. Nf3 b6 3. Bf4 Bb7 4. e3 g6 5. Be2 Bg7 6. O-O O-O 7. c4 d6 8. h3 Nbd7 9. Nc3 Qe8 10. Bh2 e5 11. Nd2 Qe7 12. Bf3 Bxf3 13. Qxf3 Rfe8 14. a4 a5 15. Rad1 e4 16. Qe2 h5 17. Nb5 Rec8 18. f3 exf3 19. Rxf3 Nf8 20. e4 Ne6 21. e5 dxe5 22. Bxe5 c6 23. Nc3 Re8 24. Qf2 Nh7 25.
Nde4 Neg5 26. Nxg5 Nxg5 27. Re3 Qd7 28. Rde1 Bxe5 29.
Rxe5 Rxe5 30. Rxe5 Nh7 31. d5 c5 32. Ne4 Qxa4 33.
Re7 Rf8 34. d6 Qd1+ 35. Kh2 f5 36. Qg3 g5 37. Nxg5 h4 38. Qe5 Nf6 39. Ne6 1-0

[Event "Late-Titled-Tuesday-Blitz-March-19-2024"]
[Site "Chess.com"]
[Date "2024.03.19"]
[Round "1"]
[White "Willhaven3"]
[Black "ProfessorChess101"]
[Result "1-0"]
[WhiteElo "2505"]
[BlackElo "2802"]
[TimeControl "180+1"]
[EndTime "14:07:18 PDT"]
[Termination "Willhaven3 won by resignation"]

1. e4 c5 2. Nc3 a6 3. a4 e6 4. f4 d5 5. d3 Nc6 6. Nf3 g6 7. Be2 Bg7 8. O-O Nge7 9. Qe1 Nd4 10. Bd1 O-O 11. Kh1 Rb8 12. Ne5 b5 13. axb5 axb5 14.
Ra7 Nec6 15. Nxc6 Nxc6 16. Ra1 c4 17. e5 b4 18. Ne2 f6 19. dxc4 dxc4 20. exf6 Qxf6 21.
Ng3 Nd4 22. Bd2 b3 23. cxb3 cxb3 24. Bc3 Bb7 25. Bxb3 Kh8 26. Bc4 Rbc8 27. Bd3 Qh4 28. Be4 Bxe4 29. Qxe4 Nf5 30. Bxg7+ Nxg7 31. Ra7 Qf6 32.
b4 Rc2 33. Qxc2 Qd4 34. Qf2 Qxb4 35. h3 Qc3 36. Rd1 e5 37. Rdd7 Ne6 38. Rxh7+ Kg8 39. f5 Qd3 40. Rhe7 Rf6 41. Rxe6 1-0

[Event "Late-Titled-Tuesday-Blitz-March-19-2024"]
[Site "Chess.com"]
[Date "2024.03.19"]
[Round "1"]
[White "CuteSheepCloud"]
[Black "gympod"]
[Result "0-1"]
[WhiteElo "2646"]
[BlackElo "2370"]
[TimeControl "180+1"]
[EndTime "14:07:18 PDT"]
[Termination "gympod won by resignation"]

1. e4 c5 2. Nf3 d6 3. Bb5+ Bd7 4. Bxd7+ Qxd7 5. c3 Nf6 6. Qe2 Nc6 7. d4 cxd4 8.
cxd4 e6 9. Nc3 d5 10. e5 Ne4 11.
Nxe4 dxe4 12. Qxe4 Bb4+ 13. Kf1 O-O 14. g3 Rfd8 15. Be3 Ne7 16. Kg2 Nd5 17. h4 Rac8 18.
Rhc1 Qa4 19. a3 Be7 20. h5 h6 21. g4 Qb3 22. Nd2 Nxe3+ 23. Qxe3 Qxb2 24. Rxc8 Rxc8 25. Rb1 Qc2 26. Rxb7 Bg5 27. Qf3 Rc7 28. Rb8+ Kh7 29.
Qe4+ Qxe4+ 30. Nxe4 Be7 31. Rb3 Rd7 32. Rd3 Rd5 33. Kf3 Ra5 34. Nc3 Rxa3 35. Ke4 Bb4 36. Nb5 Rxd3 37. Kxd3 a5 38. Nd6 Kg8 39. Kc4 Bxd6 40.
exd6 Kf8 41. Kb5 Ke8 42. Kc6 Kd8 43. Kb5 Kd7 44. Kxa5 Kxd6 45. Kb4 Kd5 46. Kc3 Ke4 47. Kc4 Kf4 48. d5 exd5+ 49. Kxd5 Kxg4 50. Kd6 Kxh5 51.
Ke7 Kg6 52. Kd6 h5 53. Ke5 Kg5 54. Ke4 Kg4 55. Ke3 f5 0-1

[Event "Late-Titled-Tuesday-Blitz-March-19-2024"]
[Site "Chess.com"]
[Date "2024.03.19"]
[Round "1"]
[White "secretworker2027"]
[Black "KnightmareJoker"]
[Result "1-0"]
[WhiteElo "2640"]
[BlackElo "2296"]
[TimeControl "180+1"]
[EndTime "14:07:19 PDT"]
[Termination "secretworker2027 won by checkmate"]

1. Nf3 d5 2. e3 Nf6 3. c4 e6 4. b3 Be7 5. Bb2 O-O 6. Be2 c5 7. O-O Nc6 8. cxd5 exd5 9. d4 cxd4 10. Nxd4 Nxd4 11. Qxd4 Be6 12. Nc3 Rc8 13. Rad1 Bc5 14.
Qh4 Ne4 15. Qxd8 Rfxd8 16. Nb5 a6 17. Nd4 Bxd4 18. Bxd4 Nc3 19. Bxc3 Rxc3 20. Rd2 Rc7 21. Rfd1 Rcd7 22. Rd4 Kf8 23. Bf3 Ke7 24. h4 h6 25.
Kh2 Kf6 26. g4 Ke7 27. Kg3 Kf6 28. Bg2 Ke7 29. f4 f6 30. f5 Bf7 31. Kf4 Rd6 32.
Rc1 Rc6 33. Rcd1 Rc2 34. R1d2 Rxd2 35. Rxd2 Kd6 36. e4 Kc5 37. exd5 Bxd5 38. b4+ Kc6 39.
Rc2+ Kb6 40. Rd2 Kc6 41. g5 Rd6 42. gxh6 gxh6 43. Rxd5 Rxd5 44. Kg4 Kd6 45. Bxd5 Kxd5 46. Kh5 Ke4 47. Kxh6 Kxf5 48. h5 Kg4 49. Kg6 f5 50.
h6 f4 51. h7 f3 52. h8=Q f2 53. Qh1 Kg3 54. Qf1 b6 55. a4 Kf3 56. Kf6 Kg3 57.
Ke5 Kf3 58. Kd4 b5 59. axb5 axb5 60. Kd3 Kg3 61. Ke3 Kh4 62. Qxf2+ Kh5 63. Qg3 Kh6 64. Kf4 Kh7 65. Kf5 Kh8 66. Kf6 Kh7 67. Qg7# 1-0

[Event "Late-Titled-Tuesday-Blitz-March-19-2024"]
[Site "Chess.com"]
[Date "2024.03.19"]
[Round "1"]
[White "platy3"]
[Black "LangesNasenhaar"]
[Result "1-0"]
[WhiteElo "2952"]
[BlackElo "2533"]
[TimeControl "180+1"]
[EndTime "14:07:20 PDT"]
[Termination "platy3 won on time"]

1. e4 g6 2. d4 Bg7 3. Nf3 c6 4. h3 d5 5. Nc3 dxe4 6. Nxe4 Nf6 7. Ng3 O-O 8. Bc4 Nbd7 9. O-O c5 10. Re1 cxd4 11. Nxd4 a6 12. c3 e5 13. Nf3 Qc7 14.
Bb3 h6 15. Qe2 Re8 16. Be3 b6 17. Rad1 Nc5 18. Bxc5 Qxc5 19. Nxe5 Be6 20. Qf3 Bxb3 21. axb3 Rad8 22. b4 Rxd1 23. Qxd1 Qc7 24. Nd3 Rd8 25. Qe2 Qc4 26. Rd1 Re8 27. Qc2 h5 28. Nf1 Bh6 29. Re1 Rd8 30. Ne5 Qc7 31. Qb3 b5 32. Nxg6 Nd5 33. Rd1 Nf6 34. Rxd8+ Qxd8 35. Ne5 Qe7 36.
Nf3 Bf4 37. g3 Bc7 38. Qc2 Qe6 39. Kg2 Kg7 40. Ne3 Ne4 41. Nd4 Qe5 42. f4 1-0

[Event "Late-Titled-Tuesday-Blitz-March-19-2024"]
[Site "Chess.com"]
[Date "2024.03.19"]
[Round "1"]
[White "AlleyOoper"]
[Black "SuanFernandes"]
[Result "0-1"]
[WhiteElo "2626"]
[BlackElo "2316"]
[TimeControl "180+1"]
[EndTime "14:07:20 PDT"]
[Termination "SuanFernandes won by resignation"]

1. d4 d5 2. Nc3 Nf6 3. Bf4 c6 4.
e3 Bf5 5. f3 Nbd7 6. g4 Bg6 7.
h4 h6 8. Bd3 Bxd3 9. cxd3 e6 10. Nge2 c5 11. dxc5 Bxc5 12. d4 Be7 13. Kf2 a6 14. Rc1 Rc8 15. a3 Nh7 16. Bg3 O-O 17. Nf4 Qb6 18. b4 a5 19. Na4 Qb5 20. Nc5 axb4 21.
axb4 b6 22. Nxd7 Qxd7 23. Nd3 Qb5 24. Bc7 Ra8 25. Qb3 Rfc8 26. Rc2 Ra4 27. Rhc1 Bxh4+ 28. Bg3 Bxg3+ 29. Kxg3 Rca8 30. Rc8+ Nf8 31. Ne5 R4a7 32. Rxa8 Rxa8 33. Rc7 f6 34. Nd3 Ra1 35. Qc3 Rd1 36. Nf2 Rg1+ 37. Kh2 Qf1 38. Rxg7+ Kxg7 39. Qc7+ Kh8 0-1

[Event "Late-Titled-Tuesday-Blitz-March-19-2024"]
[Site "Chess.com"]
[Date "2024.03.19"]
[Round "1"]
[White "Dhaydon19"]
[Black "Heydarli77"]
[Result "1-0"]
[WhiteElo "2661"]
[BlackElo "2344"]
[TimeControl "180+1"]
[EndTime "14:07:21 PDT"]
[Termination "Dhaydon19 won by resignation"]

1. e4 c5 2. Nf3 e6 3. d4 cxd4 4. Nxd4 a6 5. Bd3 b5 6. O-O Bb7 7. a4 b4 8. Nd2 Qc7 9. a5 Nf6 10. h3 Be7 11. Re1 d5 12. exd5 Nxd5 13. Nc4 O-O 14.
Qh5 Nf6 15. Qe2 Nbd7 16. Bg5 Rfe8 17. Rad1 Qc5 18. Bh4 Rad8 19. Nb3 Qc6 20. f3 Nc5 21. Nxc5 Qxc5+ 22. Bf2 Qc7 23. Kh1 Bc5 24. Bh4 Nh5 25. Qe5 Qxe5 26. Rxe5 Rd5 27. Rxd5 Bxd5 28. Nb6 Bb7 29. Nd7 Ba7 30. Bf1 f6 31. Nb6 Kf7 32.
Bf2 Bxb6 33. Bxb6 Nf4 34. Bc4 Nd5 35. Bd4 Rc8 36. Bb3 Bc6 37. Bc5 Bb7 38. Bd4 Bc6 39. Rd2 Rd8 40. Bb6 Rd7 41. Bc5 Nb6 42. Rxd7+ Nxd7 43. Bxb4 Bb5 44. c4 Bc6 45. Ba3 Ne5 46. Bd6 Nd3 47. Ba3 Nc1 48. Bc2 Ne2 49. Bc5 f5 50. b4 Nc3 51. Bd3 Na4 52. Bd4 g6 53. b5 Bb7 54. b6 Ke7 55. Bc2 Bc6 56. Bxa4 Bxa4 57.
b7 1-0

[Event "Late-Titled-Tuesday-Blitz-March-19-2024"]
[Site "Chess.com"]
[Date "2024.03.19"]
[Round "1"]
[White "Noki102"]
[Black "Heliosis11"]
[Result "0-1"]
[WhiteElo "2592"]
[BlackElo "2233"]
[TimeControl "180+1"]
[EndTime "14:07:21 PDT"]
[Termination "Heliosis11 won on time"]

1. d4 Nf6 2. Nc3 d5 3. Bf4 Bf5 4. e3 e6 5. Nf3 h6 6. Ne5 Nbd7 7. g4 Bh7 8. h4 Nxe5 9. Bxe5 Nd7 10. Bf4 c6 11. g5 Qb6 12. Rb1 Bb4 13. gxh6 gxh6 14. Bxh6 Be4 15. Rg1 Rxh6 16. Rg8+ Nf8 17. a3 Be7 18. Nxe4 dxe4 19. h5 Qa5+ 20. c3 Qxh5 21. Qb3 O-O-O 22. c4 Nd7 23. Rg2 Nb6 24. c5 Nd5 25. Kd2 f5 26. a4 e5 27. Kc2 exd4 28. exd4 Qf3 29. Qxf3 exf3 30. Rg3 f4 31. Rxf3 Re6 32.
Bc4 Bg5 33. Rg1 Bh6 34. Rh3 Bf8 35. Kb3 Rf6 36. Rh7 b6 37. Ba6+ Kb8 38. Rb7+ Ka8 39.
Rh1 bxc5 40. Rhh7 Rb8 41. Kc4 Rxb7 42. Bxb7+ Kb8 43. Ba6 Nc7 0-1

[Event "Late-Titled-Tuesday-Blitz-March-19-2024"]
[Site "Chess.com"]
[Date "2024.03.19"]
[Round "1"]
[White "protectiago"]
[Black "Revan_2002"]
[Result "0-1"]
[WhiteElo "2067"]
[BlackElo "2585"]
[TimeControl "180+1"]
[EndTime "14:07:21 PDT"]
[Termination "Revan_2002 won by checkmate"]

1. d4 Nf6 2. c4 e6 3. g3 c5 4. d5 exd5 5. cxd5 d6 6. Nc3 g6 7. Bg2 Bg7 8. Nf3 O-O 9. O-O Re8 10. Re1 a6 11. a4 Ne4 12. Nxe4 Rxe4 13. Nd2 Rb4 14. Ra3 Nd7 15. Qc2 Ne5 16. b3 h5 17.
Ra2 h4 18. Ba3 Rd4 19. Bb2 Bf5 20. e4 Nd3 21. Re2 Nxb2 22. exf5 Nd3 23. fxg6 f6 24. Nc4 Nb4 25. Qf5 Nxa2 26. Qh5 Rd1+ 27. Bf1 Nc3 28. Qh7+ Kf8 29. Re6 b5 30. Nxd6 Nxd5 31. Nf5 Rxf1+ 32. Kxf1 Ne3+ 33. Kg1 Qd1# 0-1

[Event "Late-Titled-Tuesday-Blitz-March-19-2024"]
[Site "Chess.com"]
[Date "2024.03.19"]
[Round "1"]
[White "Felix-Rose"]
[Black "SoltaniciR"]
[Result "0-1"]
[WhiteElo "2288"]
[BlackElo "2634"]
[TimeControl "180+1"]
[EndTime "14:07:22 PDT"]
[Termination "SoltaniciR won by resignation"]

1. e4 c5 2. Nf3 d6 3. d4 cxd4 4. Nxd4 Nf6 5. Nc3 a6 6. f3 e6 7. Be3 b5 8. Qd2 Nbd7 9. a4 b4 10. Nce2 d5 11. Ng3 Bb7 12. exd5 Nxd5 13. O-O-O Be7 14.
Kb1 O-O 15. Nb3 Bc6 16. a5 Ba4 17. Bc4 N7f6 18. Bb6 Nxb6 19. Qxd8 Bxd8 20. axb6 Bxb6 21. Ne4 Nxe4 22. fxe4 Rfc8 23. Be2 Bc6 24. Rd6 Bd8 25. Bf3 Be7 26. Rd3 a5 27. Nd4 Be8 28. e5 Rab8 29. b3 Rc5 30. Re1 Rd8 31. Rdd1 a4 32.
bxa4 Bxa4 33. Nb3 Rxd1+ 34. Bxd1 Rd5 35. Bf3 Rd8 36. Rd1 Rxd1+ 37. Bxd1 Bc6 38. Bf3 Bxf3 39.
gxf3 Kf8 40. Nd4 Ke8 41. Kb2 Bc5 42. Nc6 Kd7 43. Na5 Bb6 44. Nc4 Bc5 45. Kb3 Kc6 46. Na5+ Kd5 47. Nb7 Be7 48. Na5 Bc5 49. f4 g5 50.
fxg5 Kxe5 51. Kc4 Bg1 52. Nc6+ Kd6 53. Nxb4 Bxh2 54. Nd3 Ke7 55. Kd4 Bg1+ 56. Ke4 Bb6 57. c4 Kd7 58. c5 Bd8 59. Ne5+ Ke8 60. Nc6 Bxg5 61. Ke5 Be7 62. Nxe7 Kxe7 63. c6 Kd8 64. Kd6 Kc8 65. Ke7 h5 66. Kxf7 e5 67. Ke6 e4 68. c7 e3 69. Kd5 e2 0-1